 Dungeon Crawl Stone Soup version 0.18-a0-1060-g4fac74f (webtiles) character file.

60 namelastname112 the Magician (level 3, -5/28 HPs)
             Began as a Draconian Wizard on Jan 12, 2016.
             Slain by a gnoll
             ... wielding a +0 flail
              (14 damage)
             ... on level 1 of the Dungeon.
             The game lasted 00:04:48 (1223 turns).

namelastname112 the Magician (Draconian Wizard)     Turns: 1223, Time: 00:04:48

Health: -5/28      AC:  5    Str:  9    XL:     3   Next: 82%
Magic:  6/7        EV: 12    Int: 18    God:
Gold:   31         SH:  0    Dex: 10    Spells: 1 memorised, 7 levels left

rFire  . . .     SeeInvis .     (no weapon)
rCold  . . .     Gourm    .     (armour unavailable)
rNeg   . . .     Faith    .     (no shield)
rPois  .         Spirit   .     a - +0 hat
rElec  .         Dismiss  .     (no cloak)
rCorr  .         Reflect  .     (no gloves)
SustAt .         Harm     .     (no boots)
MR     .....                    (no amulet)
Stlth  ++........               (no ring)
                                (no ring)

@: not resistant to hostile enchantments, unstealthy
A: unfitting armour, cold-blooded, AC +5
a: no special abilities


You were on level 1 of the Dungeon.
You were not hungry.

You visited 1 branch of the dungeon, and saw 2 of its levels.

You collected 31 gold pieces.

Inventory:

Hand Weapons
 d - a +0 dagger
Armour
 a - a +0 hat (worn)
Scrolls
 e - 2 scrolls of identify {unknown}
 i - a scroll of random uselessness {unknown}
 j - a scroll of immolation {unknown}
Potions
 f - a potion of heal wounds
 h - 2 potions of brilliance {unknown}
Books
 b - a book of Minor Magic

   Spells                             Type                      Level
   a - Magic Dart                     Conjuration                  1
   b - Blink                          Translocation                2
   c - Call Imp                       Summoning                    2
   d - Repel Missiles                 Charms/Air                   2
   e - Slow                           Hexes                        2
   f - Conjure Flame                  Conjuration/Fire             3
   g - Mephitic Cloud                 Conjuration/Poison/Air       3
 g - a Young Poisoner's Handbook

   Spells                             Type                      Level
   a - Sting                          Conjuration/Poison           1
   b - Cure Poison                    Poison                       2
   c - Mephitic Cloud                 Conjuration/Poison/Air       3
   d - Olgreb's Toxic Radiance        Poison                       4
   e - Venom Bolt                     Conjuration/Poison           5
Comestibles
 c - a bread ration
 k - a meat ration


   Skills:
 + Level 1.2 Fighting
 * Level 1.4 Short Blades
 + Level 2.1 Dodging
 * Level 3.0 Stealth
 - Level 3.0 Spellcasting
 - Level 1.0 Conjurations
   Level 1.0 Summonings
   Level 1.0 Translocations


You had 7 spell levels left.
You knew the following spells:

 Your Spells              Type           Power        Failure   Level  Hunger
z - Magic Dart            Conj           #...         12%         1    None


Dungeon Overview and Level Annotations

Branches:
Dungeon (2/15)

Altars:
Kikubaaqudgha


Innate Abilities, Weirdness & Mutations

Your plain brown scales are hard (AC +5).
Your body does not fit into most forms of armour.
You are cold-blooded and may be slowed by cold attacks.


Message History

Confirm with . or Enter, or press ? or * to list all spells.
Aiming: Magic Dart
Press: ? - help, Shift-Dir - straight line, f/p - gnoll
Aim: a gnoll, wielding a flail (moderately wounded)
The magic dart hits the gnoll.
The gnoll is moderately wounded.
All of the chunks of flesh in your inventory have rotted away.
There is a stone staircase leading down here.
Wield which item (- for none, * to show all)? (? for menu, Esc to quit)
You are now empty-handed.
Casting: Magic Dart
Confirm with . or Enter, or press ? or * to list all spells.
Aiming: Magic Dart
Press: ? - help, Shift-Dir - straight line, f/p - gnoll
Aim: a gnoll, wielding a flail (moderately wounded)
The magic dart hits the gnoll.
The gnoll is moderately wounded.
The gnoll hits you with a flail!
Ouch! That really hurt!
You die...

#.......########
###.#...##.....#
#.##.###.....#
#.##.###.....####
#####.##.#..........###
#......#.....>.........
#.########.##.##.......
#>########.##.##.....##
#.....@g......##.....#
#######..............#
#.....###########
#..........).....
#.....###########
#..)..######
#..........#
#..........####
###...........#


You could see a gnoll.

Vanquished Creatures
  An adder (D:2)
  2 oozes (D:1)
  A giant gecko (D:2)
  A ball python (D:1)
  2 bats (D:1)
  2 giant cockroaches
  6 goblins
  2 hobgoblins (D:1)
  7 jackals (D:2)
  8 kobolds
  A quokka (D:2)
  A giant newt (D:2)
  2 rats (D:1)
36 creatures vanquished.

Notes
Turn   | Place    | Note
--------------------------------------------------------------
     0 | D:1      | namelastname112 the Draconian Wizard began the quest for the Orb.
     0 | D:1      | Reached XP level 1. HP: 14/14 MP: 4/4
   124 | D:1      | Reached XP level 2. HP: 14/22 MP: 1/6
   590 | D:1      | Reached XP level 3. HP: 22/27 MP: 3/7
   711 | D:2      | Reached skill level 1 in Short Blades
   784 | D:2      | Found an ancient bone altar of Kikubaaqudgha.
   816 | D:2      | Reached skill level 1 in Fighting
  1223 | D:1      | Slain by a gnoll

Vault maps used:
D:1:      erik_arrival_gehennom
D:2:      kiku_gazebo_garden_becter

Action                   || total
-------------------------++-------
Melee: Dagger            ||   141
       Unarmed           ||     3
 Cast: Magic Dart        ||    34
  Use: Potion            ||     3
 Stab: Sleeping          ||     6
  Eat: Chunk             ||     1
